 Dungeon Crawl Stone Soup version 0.29.0-4-gdea44cf6ec (webtiles) character file.

Game seed: 9595164526989363526

121 qw the Chopper (level 4, 0/39 HPs)
             Began as a Minotaur Berserker on Sept 6, 2022.
             Was a Believer of Trog.
             Killed by divine providence
             ... invoked by an orc priest
              (12 damage)
             ... on level 4 of the Dungeon.
             The game lasted 00:01:04 (3338 turns).

qw the Chopper (Minotaur Berserker)                 Turns: 3338, Time: 00:01:05

Health: 0/39       AC: 11    Str: 24    XL:     4   Next: 76%
Magic:  3/3        EV:  3    Int:  4    God:    Trog [**....]
Gold:   165        SH: 11    Dex:  9    Spells: 3/3 levels left

rFire   . . .      SeeInvis .   Y - +0 war axe
rCold   . . .      Faith    .   g - +0 tower shield
rNeg    . . .      Spirit   .   a - +0 plate armour
rPois   .          Reflect  .   (helmet restricted)
rElec   .          Harm     .   (no cloak)
rCorr   .          Rampage  .   (no gloves)
Will    .....                   (no boots)
Stlth   ..........              (no amulet)
HPRegen 0.13/turn               (no ring)
MPRegen 0.08/turn               (no ring)

@: on berserk cooldown, slowed, very slow
A: horns 2, retaliatory headbutt
a: Renounce Religion, Berserk, Trog's Hand


You were on level 4 of the Dungeon.
You worshipped Trog.
Trog was pleased with you.
You visited 1 branch of the dungeon, and saw 4 of its levels.

You collected 165 gold pieces.


Innate Abilities, Weirdness & Mutations

You have a pair of horns on your head.
You reflexively headbutt those who attack you in melee.


   Skills:
 - Level 3.6 Fighting
 - Level 5.2 Axes
 - Level 2.4 Armour
 - Level 2.1 Dodging
 + Level 3.8 Shields


You had 3 spell levels left.
You didn't know any spells.
Your spell library was empty.

Inventory:

Hand Weapons
 e - a +0 mace
 Y - a +0 war axe (weapon)
Missiles
 h - a javelin (quivered)
Armour
 a - a +0 plate armour (worn)
 g - a +0 tower shield (worn)
Scrolls
 f - 4 scrolls of identify
Potions
 c - 4 potions of curing
 k - a potion of mutation

Dungeon Overview and Level Annotations

Branches:
Dungeon (4/15)
 Temple: D:4-7

Altars:
Hepliaklqana


Message History

The orc warrior is moderately wounded.
You closely miss the orc wizard. You completely miss the orc wizard.
The orc wizard hits you with a +0 dagger.
The orc wizard hits you but does no damage.
The orc warrior hits you but does no damage.
A kobold comes into view. It is wielding a +0 short sword.
The orc priest calls down the wrath of Beogh upon you.
Pain shoots through your body!
The orc wizard gestures at you while chanting.
The puff of flame hits you!
The orc warrior hits you with a +0 hand axe!
You completely miss the orc warrior.
The orc warrior is moderately wounded.
You closely miss something.
The kobold shouts!
You slash the orc wizard!
You kill the orc wizard!
Trog accepts your kill.
Trog appreciates your killing of a magic user.
You hit the hobgoblin.
You kill the hobgoblin!
Trog accepts your kill. Something hits you but does no damage.
The orc warrior hits you but does no damage.
Found a silver wand.
The orc warrior hits you with a +0 hand axe!
You feel a strong urge to attack something.
You are no longer berserk.
You are exhausted.
You feel yourself slow down.
3338 ||| DRINKING 5 potions of curing.
You feel better.
3338 ||| (to cure confusion)
Something hits you but does no damage.
The orc priest calls upon Beogh to heal the orc warrior.
The orc warrior is healed somewhat.
Something hits you but does no damage.
The orc wizard mumbles some strange words.
The orc wizard flickers and vanishes!
The orc priest calls down the wrath of Beogh upon you.
Beogh smites you!
You die...

................
...............#
................
................
......oK.{o.....
....###o%o.....#
. #go.##...
#o{o......
#@.......#
#......#.#
#......# #
#..##..# ##..
### ##.. /# .#


You could see an orc warrior, 2 orc priests, an orc wizard, 3 orcs, a hobgoblin
and a kobold.

Vanquished Creatures
  An orc wizard (D:4)
  An adder (D:3)
  3 worms (D:2)
  A dart slug (D:1)
  An orc (D:3)
  6 endoplasms
  2 giant cockroaches
  8 goblins
  11 hobgoblins
  A jackal (D:1)
  2 quokkas (D:1)
  4 ball pythons
  7 bats
  4 frilled lizards
  9 kobolds
  11 rats
72 creatures vanquished.

Vanquished Creatures (others)
  3 plants (D:1)
3 creatures vanquished.

Grand Total: 75 creatures vanquished

Notes
Turn   | Place    | Note
-------+----------+-------------------------------------------
     0 | D:1      | qw the Minotaur Berserker began the quest for the Orb.
     0 | D:1      | Reached XP level 1. HP: 19/19 MP: 0/0
     0 | D:1      | 0 ||| qw: Version: 0.1-a-108-g9e35731
     0 | D:1      | 0 ||| qw: Game counter: 6219
     0 | D:1      | 0 ||| qw: Always use a shield: true
     0 | D:1      | 0 ||| qw: Do Orc after D:15 true
     0 | D:1      | 0 ||| qw: Do second Lair branch before Depths: true
     0 | D:1      | 0 ||| qw: Lair rune preference: random
     0 | D:1      | 0 ||| qw: Plans: Normal
     0 | D:1      | 0 ||| PLANNING D:1-11
   243 | D:1      | Reached skill level 4 in Axes
   291 | D:1      | 291 ||| Stepping ~*~*~tactically~*~*~ (stealth).
   293 | D:1      | 293 ||| DROPPING +0 club.
   302 | D:1      | 302 ||| Stepping ~*~*~tactically~*~*~ (stealth).
   305 | D:1      | 305 ||| Stepping ~*~*~tactically~*~*~ (stealth).
   308 | D:1      | 308 ||| Stepping ~*~*~tactically~*~*~ (stealth).
   309 | D:1      | 309 ||| Stepping ~*~*~tactically~*~*~ (stealth).
   310 | D:1      | 310 ||| Stepping ~*~*~tactically~*~*~ (stealth).
   316 | D:1      | Reached XP level 2. HP: 26/26 MP: 1/1
   332 | D:1      | 332 ||| Stepping ~*~*~tactically~*~*~ (stealth).
   333 | D:1      | 333 ||| Stepping ~*~*~tactically~*~*~ (stealth).
   335 | D:1      | 335 ||| Stepping ~*~*~tactically~*~*~ (stealth).
   346 | D:1      | 346 ||| Stepping ~*~*~tactically~*~*~ (stealth).
   356 | D:1      | 356 ||| Stepping ~*~*~tactically~*~*~ (stealth).
   367 | D:1      | 367 ||| Stepping ~*~*~tactically~*~*~ (stealth).
   368 | D:1      | 368 ||| Stepping ~*~*~tactically~*~*~ (stealth).
   409 | D:1      | 409 ||| Stepping ~*~*~tactically~*~*~ (stealth).
   420 | D:1      | 420 ||| Stepping ~*~*~tactically~*~*~ (stealth).
   571 | D:1      | You fall into a shaft and drop 1 floor!
   591 | D:2      | 591 ||| Stepping ~*~*~tactically~*~*~ (stealth).
   594 | D:2      | 594 ||| Stepping ~*~*~tactically~*~*~ (stealth).
   598 | D:2      | Reached skill level 5 in Axes
   621 | D:2      | Reached ** piety under Trog
   622 | D:2      | Reached XP level 3. HP: 27/31 MP: 2/2
   709 | D:2      | 709 ||| INVOKING Berserk.
   851 | D:2      | 851 ||| UPGRADING to +0 chain mail.
   861 | D:2      | 861 ||| DROPPING +0 animal skin.
   862 | D:2      | 862 ||| Stepping ~*~*~tactically~*~*~ (stealth).
   872 | D:2      | 872 ||| INVOKING Berserk.
   979 | D:2      | 979 ||| UPGRADING to +0 tower shield.
   984 | D:2      | 984 ||| DROPPING ring of magical power.
   985 | D:2      | 985 ||| READING scroll labelled IMPYOGA XONIB.
   986 | D:2      | 986 ||| DRINKING 6 fizzy emerald potions.
  1122 | D:1      | 1122 ||| Stepping ~*~*~tactically~*~*~ (stealth).
  1134 | D:1      | Reached skill level 1 in Shields
  1568 | D:1      | 1568 ||| READING scroll labelled QENIMU WUBAH.
  1569 | D:1      | 1569 ||| Stepping randomly (stuck).
  1570 | D:1      | 1570 ||| Stepping ~*~*~tactically~*~*~ (cloud).
  1575 | D:1      | HP: 7/31 [poisoned by you (poison gas)]
  1579 | D:1      | HP: 3/31 [poisoned by you (poison gas)]
  2121 | D:2      | 2121 ||| INVOKING Berserk.
  2122 | D:2      | 2122 ||| INVOKING Berserk.
  2123 | D:2      | 2123 ||| INVOKING Berserk.
  2409 | D:2      | Reached XP level 4. HP: 33/39 MP: 3/3
  2589 | D:2      | 2589 ||| UPGRADING to +0 plate armour.
  2599 | D:2      | 2599 ||| DROPPING +0 chain mail.
  2600 | D:2      | 2600 ||| READING scroll labelled JAYQ POLIMITWI.
  2610 | D:3      | Found a faded altar of an unknown god.
  2659 | D:3      | 2659 ||| Stepping ~*~*~tactically~*~*~ (stealth).
  2692 | D:3      | 2692 ||| SWAPPING to +0 war axe.
  2693 | D:3      | 2693 ||| DROPPING +0 hand axe.
  3075 | D:3      | Reached skill level 3 in Shields
  3187 | D:3      | Found a hazy altar of Hepliaklqana.
  3294 | D:3      | 3294 ||| DROPPING ring of flight.
  3295 | D:3      | 3295 ||| READING scroll labelled CIACVI OFEFUSM.
  3296 | D:3      | 3296 ||| READING scroll labelled CAHAIBO SACZI.
  3297 | D:3      | 3297 ||| READING 6 scrolls of identify.
  3297 | D:3      | 3297 ||| IDENTIFYING murky golden potion
  3298 | D:3      | 3298 ||| READING 5 scrolls of identify.
  3298 | D:3      | 3298 ||| IDENTIFYING bubbling black potion
  3299 | D:3      | 3299 ||| DROPPING potion of invisibility.
  3328 | D:4      | Noticed an orc warrior
  3329 | D:4      | 3329 ||| INVOKING Berserk.
  3336 | D:4      | HP: 6/58 [orc warrior/+0 hand axe (12)]
  3338 | D:4      | 3338 ||| DRINKING 5 potions of curing.
  3338 | D:4      | 3338 ||| (to cure confusion)
  3338 | D:4      | Killed from afar by an orc priest

Levels and vault maps discovered:
D:1:      saegor_arrival_simple_d, layout_loops_ring, serial_bayou_pond_a,
          minivault_25, minmay_circled_x
D:2:      layout_basic
D:3:      corexii_shack_village, layout_basic,
          worldfamousw_hep_ancestral_shrine, nicolae_ecumenical_pavilion
D:4:      layout_cave_pools, mainiacjoe_overflow_24_doors,
          minmay_temple_entry_junction, uniq_sigmund

Skill      XL: |  1  2  3  4 |
---------------+-------------+-----
Axes           | 4 5 |  5.2
Shields        | 2 3 |  3.8
Fighting       | |  3.6
Armour         | |  2.4
Dodging        | |  2.1

Action                   |  1- 3 |  4- 6 || total
-------------------------+-------+-------++-------
Melee: Hand axe          |   105 |     4 ||   109
       Headbutt          |    13 |     3 ||    16
       Punch             |     1 |       ||     1
       War axe           |       |    26 ||    26
Throw: Javelin           |     3 |     8 ||    11
Invok: Berserk           |     3 |     1 ||     4
  Use: Scroll            |     2 |     5 ||     7
       Potion            |     1 |     1 ||     2
Armor: Animal skin       |     5 |       ||     5
       Chain mail        |    26 |       ||    26
       Plate armour      |       |    18 ||    18
Dodge: Dodged            |    32 |     1 ||    33
Block: Tower shield      |    27 |    18 ||    45

Table legend:
 A = Non-vault XP
 B = Vault XP
 C = Vault XP percentage of total XP
 D = Non-vault monster count
 E = Vault monster count
 F = Vault count percentage of total count
                 A         B        C        D         E       F
            +---------+---------+-------+---------+---------+-------
      Total |     156 |      17 |   9.8 |      61 |      11 |  15.3
            +---------+---------+-------+---------+---------+-------
        D:1 |      50 |       5 |   9.1 |      31 |       4 |  11.4
        D:2 |      43 |       0 |   0.0 |      20 |       0 |   0.0
        D:3 |      26 |      12 |  31.6 |       8 |       7 |  46.7
        D:4 |      37 |       0 |   0.0 |       2 |       0 |   0.0
            +---------+---------+-------+---------+---------+-------
